 Dungeon Crawl Stone Soup version 0.28.0-45-g0d030f2227 (webtiles) character file.

Game seed: 12632239726224907985

3313 issech the Basher (level 9, 0/80 HPs)
             Began as a Troll Monk on Apr 17, 2022.
             Was an Elder of Hepliaklqana.
             Succumbed to a killer bee's poison
             ... on level 7 of the Dungeon.
             The game lasted 00:30:23 (7692 turns).

issech the Basher (Troll Monk)                      Turns: 7692, Time: 00:30:23

Health: 0/80       AC:  4    Str: 21    XL:     9   Next: 70%
Magic:  8/8        EV: 11    Int:  6    God:    Hepliaklqana [****..]
Gold:   702        SH: 13    Dex: 16    Spells: 8/8 levels left

rFire   . . .      SeeInvis +   a - +1 morningstar (protect)
rCold   . . .      Faith    .   S - +0 kite shield
rNeg    . . .      Spirit   .   m - +0 animal skin
rPois   .          Reflect  +   (helmet restricted)
rElec   .          Harm     .   (no cloak)
rCorr   .          Rampage  .   (gloves unavailable)
Will    .....                   (boots unavailable)
Stlth   ++........              B - amulet of reflection
HPRegen 1.03/turn               C - ring of wizardry
MPRegen 0.11/turn               Q - ring of see invisible

@: lethally poisoned (0 -> -2), about to teleport
A: reduced essence, large, unfitting armour, claws 3, regeneration 1, shaggy fur
1, tough skin 1
a: Renounce Religion, Recall Ancestor, Ancestor Identity, Transference, Idealise


You were on level 7 of the Dungeon.
You worshipped Hepliaklqana.
Hepliaklqana was greatly pleased with you.
You visited 2 branches of the dungeon, and saw 9 of its levels.
You also visited: Ossuary.

You collected 774 gold pieces.
You spent 72 gold pieces at shops.

Inventory:

Hand Weapons
 a - a +1 morningstar of protection (weapon)
 x - a +5 short sword
 G - a +1 dire flail of protection
 O - a +0 giant spiked club
 R - a +2 whip of electrocution
 V - a +3 whip
 Y - a +3 great sword of freezing
Missiles
 b - 5 boomerangs
 d - 84 arrows
 f - 362 stones
 j - 13 poisoned darts
 l - 97 sling bullets
 u - 45 bolts
 U - 3 throwing nets
 X - 4 large rocks (quivered)
Armour
 m - a +0 animal skin (worn)
 S - a +0 kite shield (worn)
Jewellery
 p - a ring of ice
 B - an amulet of reflection (around neck)
 C - a ring of wizardry (left claw)
 M - an amulet of magic regeneration
 Q - a ring of see invisible (right claw)
Wands
 F - a wand of iceblast (14)
Scrolls
 c - 3 scrolls of teleportation
 h - 2 scrolls of fear
 i - 2 scrolls of enchant armour
 k - a scroll of holy word
 o - a scroll of amnesia
 q - a scroll of summoning
 s - a scroll of magic mapping
 t - 2 scrolls of fog
 y - a scroll of blinking
 W - 2 scrolls of enchant weapon
Potions
 e - 3 potions of mutation {unknown}
 g - 7 potions of heal wounds {unknown}
 n - 4 potions of lignification {unknown}
 r - 3 potions of flight {unknown}
 v - 3 potions of cancellation {unknown}
 w - 4 potions of berserk rage {unknown}
 D - 5 potions of curing {unknown}
 E - a potion of invisibility {unknown}
 H - 2 potions of haste {unknown}
 K - a potion of degeneration {unknown}
 L - a potion of brilliance {unknown}
 P - 2 potions of attraction {unknown}


   Skills:
 + Level 5.6 Fighting
 + Level 8.8 Maces & Flails
 + Level 0.8 Throwing
 + Level 5.2 Dodging
 + Level 3.0 Stealth
 + Level 3.0 Shields


You had 8 spell levels left.
You didn't know any spells.
Your spell library contained the following spells:

 Spells                   Type           Power      Damage    Failure   Level
 Animate Skeleton         Necr           0%         N/A       41%         1
 Apportation              Tloc           0%         N/A       41%         1
 Summon Small Mammal      Summ           0%         N/A       41%         1
 Ensorcelled Hibernation  Hex/Ice        0%         N/A       54%         2
 Passwall                 Tmut/Erth      0%         N/A       54%         2
 Static Discharge         Conj/Air       0%         N/A       54%         2
 Portal Projectile        Hex/Tloc       0%         N/A       77%         3
 Spider Form              Tmut/Pois      0%         N/A       77%         3
 Swiftness                Air            0%         N/A       77%         3
 Anguish                  Hex/Necr       0%         N/A       98%         4
 Dispel Undead            Necr           0%         3d6       98%         4
 Sticky Flame             Conj/Fire      0%         2d3       98%         4
 Blade Hands              Tmut           0%         N/A       100%        5
 Excruciating Wounds      Necr           0%         N/A       100%        5


Dungeon Overview and Level Annotations

Branches:
Dungeon (8/15)             Temple (1/1) D:4         Ossuary (visited)
   Lair: D:8-11

Altars:
Ashenzari
Cheibriados
Dithmenos
Elyvilon
Fedhas
Gozag
Hepliaklqana
Kikubaaqudgha
Makhleb
Okawaru
Qazlal
Ru
Sif Muna
Trog
Uskayaw
Vehumet
Wu Jian
Xom
Yredelemnul
Zin
The Shining One

Shops:
D:3 ?   D:5 *

Annotations:
D:2 1 runed translucent door, Crazy Yiuf


Innate Abilities, Weirdness & Mutations

Your life essence is reduced to manifest your ancestor. (-10% HP)
You are too large for most types of armour.
You have claws for hands.
Your natural rate of healing is unusually fast.
You are covered in fur. (AC +1)
You have tough skin. (AC +1)


Message History

The killer bee misses you.
You barely miss the killer bee.
You feel very sick. You block the killer bee's attack.
The killer bee stings you but does no damage.
The killer bee completely misses you. The killer bee stings you.
* * * LOW HITPOINT WARNING * * *
You are lethally poisoned!
The killer bee poisons you!
You puncture the killer bee!
Your weapon exudes an aura of protection.
The killer bee is heavily wounded.
* * * LOW HITPOINT WARNING * * *
You feel very sick. The killer bee misses you.
The killer bee closely misses you. You block the killer bee's attack. x2
You miss the killer bee.
The killer bee is heavily wounded.
* * * LOW HITPOINT WARNING * * *
You feel very sick. You block the killer bee's attack.
The killer bee stings you but does no damage.
The killer bee closely misses you. You block the killer bee's attack. x2
You closely miss the killer bee.
The killer bee is heavily wounded.
* * * LOW HITPOINT WARNING * * *
You feel very sick. The killer bee closely misses you.
The killer bee stings you but does no damage.
The killer bee misses you. You block the killer bee's attack. x2
Unknown command.
Unknown command.
Blink to where?
Press: ? - help, Dir - move target You can't see that place. [a rock wall.]
Okay, then.
As you read the scroll of teleportation, it crumbles to dust.
You feel strangely unstable.
You die...

###.####..###..#....
##.####.....##....
##.##.....###....
#..#.##..###....
##....##.###.....
##..##..........#.
###.###...##....###.
##yy###.##.####..#
#. #.##@#.##### ##.#
#. #####y## #R## ##
### ### # #


You could see 3 killer bees.

Vanquished Creatures
  A steam dragon (D:8)
  A sky beast (D:8)
  An ogre (D:3)
  A phantom (D:6)
  2 bullfrogs
  2 scorpions (D:5)
  2 gnoll sergeants
  5 killer bees (D:8)
  5 wights
  A jelly (D:4)
  A gnoll shaman (D:6)
  3 orc priests
  A centaur skeleton (D:6)
  An iguana (D:6)
  An orc wizard (D:3)
  2 hound skeletons
  5 mummies (Ossuary)
  Robin (D:2)
  8 gnolls
  6 adders
  A worm (D:2)
  7 orcs
  A ball python (D:2)
  5 endoplasms
  2 giant cockroaches
  17 goblins
  9 hobgoblins
  7 jackals
  3 quokkas
  5 bats
  7 frilled lizards
  A gnoll zombie (Ossuary)
  10 kobolds
  An orc zombie (Ossuary)
  7 rats
133 creatures vanquished.

Vanquished Creatures (collateral kills)
  Edmund (D:5)
  A water moccasin (D:6)
  An orc warrior (D:8)
  2 sky beasts (D:6)
  2 ogres (D:6)
  A gnoll sergeant (D:7)
  2 bullfrogs
  A killer bee (D:8)
  3 wights
  A bullfrog zombie (D:6)
  A hound (D:4)
  An orc priest (D:5)
  A jelly (D:7)
  2 iguanas
  A bullfrog skeleton (D:6)
  8 orc wizards
  3 mummies (Ossuary)
  8 gnolls
  An adder (D:4)
  A white imp (D:5)
  9 orcs
  A ball python (D:4)
  An endoplasm (D:4)
  2 gnoll zombies (Ossuary)
  A goblin (D:4)
  A hobgoblin (D:4)
  2 jackals (D:4)
  2 hobgoblin zombies (Ossuary)
  2 orc zombies (Ossuary)
63 creatures vanquished.

Vanquished Creatures (others)
  2 battlemagi (D:8)
2 creatures vanquished.

Grand Total: 198 creatures vanquished

Notes
Turn   | Place    | Note
-------+----------+-------------------------------------------
     0 | D:1      | issech the Troll Monk began the quest for the Orb.
     0 | D:1      | Reached XP level 1. HP: 22/22 MP: 0/0
   124 | D:1      | Reached XP level 2. HP: 29/29 MP: 1/1
   225 | D:1      | Reached skill level 3 in Maces & Flails
  1051 | D:2      | Reached XP level 3. HP: 30/36 MP: 2/2
  1094 | D:2      | Noticed Robin
  1165 | D:2      | Killed Robin
  1301 | D:2      | Reached XP level 4. HP: 35/45 MP: 3/3
  1709 | D:2      | Found a runed translucent door.
  1710 | D:2      | Noticed Crazy Yiuf
  2040 | D:3      | Found Zuzethei's Magic Scroll Shop.
  2058 | D:2      | HP: 1/45 [orc/+0 flail (5)]
  2172 | D:3      | Bought a scroll of identify for 24 gold pieces
  2469 | D:3      | Reached XP level 5. HP: 47/53 MP: 4/4
  2481 | D:3      | Reached skill level 4 in Maces & Flails
  2497 | D:3      | Found a burning altar of Makhleb.
  3000 | D:4      | Noticed an ogre
  3034 | D:3      | Killed an ogre
  3035 | D:3      | Reached XP level 6. HP: 61/61 MP: 5/5
  3050 | D:3      | Bought 2 scrolls of identify for 48 gold pieces
  3236 | D:4      | Found a staircase to the Ecumenical Temple.
  3256 | Temple   | Entered the Ecumenical Temple
  3395 | Temple   | Became a worshipper of Hepliaklqana the Forgotten
  3395 | Temple   | Reached * piety under Hepliaklqana
  3395 | Temple   | Reached ** piety under Hepliaklqana
  3396 | Temple   | Remembered your ancestor Wigmund as a battlemage
  3778 | D:4      | Reached skill level 5 in Maces & Flails
  4169 | D:5      | Entered Level 5 of the Dungeon
  4228 | D:5      | Reached XP level 7. HP: 51/61 MP: 6/6
  4259 | D:5      | Found a sand-covered staircase.
  4263 | Ossuary  | Entered an ossuary
  4522 | D:5      | Noticed Edmund
  4529 | D:5      | Killed Edmund
  4590 | D:5      | Reached *** piety under Hepliaklqana
  4777 | D:5      | Found Gozag's Platinum Reserve.
  4813 | D:5      | Found an opulent altar of Gozag.
  4922 | D:5      | Found a sacrificial altar of Ru.
  4939 | D:5      | Reached skill level 6 in Maces & Flails
  4950 | D:5      | Found a glowing golden altar of the Shining One.
  5115 | D:6      | Reached XP level 8. HP: 71/71 MP: 7/7
  5214 | D:6      | Reached skill level 7 in Maces & Flails
  5365 | D:6      | Reached skill level 5 in Fighting
  5365 | D:6      | Reached skill level 1 in Shields
  5690 | D:6      | Reached skill level 8 in Maces & Flails
  6092 | D:7      | Found a glowing silver altar of Zin.
  6352 | D:7      | Reached XP level 9. HP: 53/79 MP: 8/8
  6446 | D:7      | Reached **** piety under Hepliaklqana
  6608 | D:7      | Found a bloodstained altar of Trog.
  7254 | D:8      | Reached skill level 5 in Dodging
  7689 | D:7      | HP: 4/80 [poisoned by a killer bee]
  7691 | D:7      | HP: 1/80 [poisoned by a killer bee]
  7692 | D:7      | Succumbed to a killer bee's poison

Illustrated notes

Levels and vault maps discovered:
D:1:      wheals_arrival_linesprint, layout_loops_corners,
          minmay_misc_feat_tower
D:2:      layout_loops_cross, minmay_fountain_box, grunt_decor_mini_mirrors,
          uniq_robin, uniq_crazy_yiuf_cottage
D:3:      layout_loops_ring, mainiacjoe_overflow_brackets, serial_shops, shop,
          minmay_misc_feat_four_crosses
D:4:      layout_basic, minmay_temple_entry_proselytizer
D:5:      layout_rooms, nicolae_ru_path_of_blood, lemuel_doored_altar,
          nicolae_gozag_zags_fifth_avenue, enter_ossuary_5, uniq_edmund
D:6:      layout_basic, kennysheep_small_spiral
D:7:      layout_layer_cave, mainiacjoe_overflow_large_starburst
D:8:      layout_rooms
Temple:   regret_index_temple_waves

Skill      XL: |  1  2  3  4  5  6  7  8  9 |
---------------+----------------------------+-----
Maces & Flails | 3 4 5 6 8 |  8.8
Dodging        | 3 4 5 |  5.2
Fighting       | 3 4 5 |  5.6
Stealth        | 2 3 |  3.0
Shields        | 1 3 |  3.0
Throwing       | |  0.8

Action                   |  1- 3 |  4- 6 |  7- 9 || total
-------------------------+-------+-------+-------++-------
Melee: Mace              |   133 |   158 |       ||   291
       Punch             |     2 |     4 |       ||     6
       Giant club        |       |    28 |    29 ||    57
       Dire flail        |       |       |    66 ||    66
       Whip              |       |       |    51 ||    51
       Morningstar       |       |       |    72 ||    72
Throw: Stone             |     2 |     6 |     4 ||    12
Invok: Ancestor Life: Ba |       |     1 |       ||     1
  Use: Scroll            |       |     8 |     6 ||    14
 Stab: Sleeping          |     3 |     3 |       ||     6
       Distracted        |     1 |       |     6 ||     7
Armor: Robe              |    65 |       |       ||    65
       Animal skin       |     7 |    58 |    56 ||   121
Dodge: Dodged            |   101 |   111 |    93 ||   305
Block: Other             |       |       |    10 ||    10
       Kite shield       |       |       |   107 ||   107
       Reflection        |       |       |     2 ||     2
